 Dungeon Crawl Stone Soup version 0.31-a0-1610-g9787180 (webtiles) character file.

Game seed: 10810108509068508588

764 PidgeyThePirate the Chopper (level 7, 0/68 HPs)
             Began as a Troll Chaos Knight on Jan 8, 2024.
             Was a Plaything of Xom.
             Slain by an orc priest
             ... wielding a +0 short sword
              (5 damage)
             ... on level 5 of the Dungeon.
             The game lasted 00:08:29 (3360 turns).

PidgeyThePirate the Chopper (Troll Chaos Knight)    Turns: 3360, Time: 00:08:33

Health: 0/68       AC:  5    Str: 19 (20) XL:     7   Next: 51%
Magic:  6/6        EV: 11    Int:  4 (7)  God:    Xom [..*...]
Gold:   390        SH:  0    Dex: 13 (15) Spells: 6/6 levels left

rFire   + + .        a - +0 hand axe (chaos)
rCold   . . .        (no shield)
rNeg    . . .        o - +2 robe {rF+}
rPois   .            (helmet currently unavailable)
rElec   .            i - melded +0 cloak
rCorr   .            (gloves unavailable)
SInv    .            (boots unavailable)
Will    .....        (no amulet)
Stlth   ++           m - ring of protection from fire
HPRegen 1.11/turn    (no ring)
MPRegen 0.10/turn

%: no passive effects
@: beast-form, invisible
A: beast (slay +1), large, unfitting armour, claws 3, regeneration 1, shaggy fur
1, tough skin 1, agile 1, deformed body, screaming 1, no potion heal 1
a: Begin Untransformation, Renounce Religion


You were on level 5 of the Dungeon.
You worshipped Xom.
You were a toy of Xom.
You were a hulking beast.
You visited 1 branch of the dungeon, and saw 5 of its levels.

You collected 390 gold pieces.

Inventory:

Hand Weapons
 a - a +0 hand axe of chaos (weapon)
Missiles
 g - a throwing net (quivered)
Armour
 b - a +2 robe
 i - a +0 cloak (melded)
 o - a +2 robe of fire resistance (worn)
Jewellery
 m - a ring of protection from fire (left claw)
Talismans
 f - a beast talisman (active)
Wands
 e - a wand of flame (12)
Scrolls
 c - a scroll of butterflies
 h - a scroll of fog {unknown}
 j - 2 scrolls of vulnerability {unknown}
 k - a scroll of brand weapon {unknown}
 l - 2 scrolls of blinking {unknown}
 n - 2 scrolls of summoning {unknown}
 p - a scroll of enchant armour {unknown}
 q - a scroll of identify {unknown}
 s - a scroll of noise {unknown}
 t - a scroll of fear {unknown}
Potions
 r - a potion of invisibility


   Skills:
 + Level 3.8 Fighting
 + Level 5.0 Axes
 + Level 0.1 Throwing
 + Level 3.5 Dodging
 + Level 1.3 Stealth
 * Level 2.3 Shapeshifting


You had 6 spell levels left.
You didn't know any spells.
Your spell library contained the following spells:

 Spells                   Type           Power      Damage    Failure   Level
 Apportation              Tloc           0%         N/A       50%         1
 Jinxbite                 Hex            0%         N/A       65%         2
 Alistair's Intoxication  Alch           0%         N/A       100%        5


Dungeon Overview and Level Annotations

Branches:
Dungeon (5/15)
 Temple: D:4-7

Altars:
Hepliaklqana
Kikubaaqudgha
Xom

Shops:
D:1 (


Innate Abilities, Weirdness & Mutations

You are a hulking beast.
Your limbs bulge with bestial killing power. (Slay +1)
You are too large for most types of armour.
You have claws for hands.
Your natural rate of healing is unusually fast.
You are covered in fur. (AC +1)
You have tough skin. (AC +1)
You are agile. (Dex +4, Str/Int -1)
Armour fits poorly on your strangely shaped body.
You occasionally shout uncontrollably at your foes.
Potions are less effective at restoring your health.


Message History

Something hits you but does no damage. The orc hits you but does no damage.
The orc priest hits you but does no damage.
You barely miss the orc priest.
The orc priest is severely wounded.
You hit something. You burn something. You hit the orc.
Something hits you but does no damage.
The orc priest hits you with a +0 short sword.
* * * LOW HITPOINT WARNING * * *
The orc hits you with a +0 club.
* * * LOW HITPOINT WARNING * * *
You closely miss the orc priest.
The orc priest is severely wounded.
You completely miss something. You hit the orc.
The orc seems to grow stronger.
You hear some strange, mumbled words.
Something tries to affect you, but you resist.
The orc priest hits you but does no damage.
The orc hits you with a +0 club.
* * * LOW HITPOINT WARNING * * *
You barely miss the orc priest.
The orc priest is severely wounded.
You closely miss something. You hit the orc. You freeze the orc.
You kill the orc!
You hear some strange, mumbled words.
A magic dart appears from out of thin air!
The magic dart hits you.
* * * LOW HITPOINT WARNING * * *
The orc priest hits you with a +0 short sword.
* * * LOW HITPOINT WARNING * * *
Your life force feels restored.
You fade into invisibility!
Something hits you but does no damage.
The orc priest hits you but does no damage.
It was a potion of degeneration.
There was something very wrong with that liquid.
You feel weakened.
You feel dopey.
You feel clumsy. Something hits you.
* * * LOW HITPOINT WARNING * * *
The orc priest hits you with a +0 short sword.
You die... "It was about time."

#.[....##.##.)#..#
#.#
#####..#...##.#..#
#.# ##.#......#..##
#.#
###..#####..#...#
#.# #.....PPP#..#
... #.#
####........####....
#.#
#........)).........
#
#.#####.)).{).......
#...........ho......
K
################..!.
. #... #... o #....
o #....### o
#....#.. ###.....#


You could see an orc priest (unable to see you).

Vanquished Creatures
  Sigmund (D:5)
  Edmund (D:5)
  A jelly (D:5)
  3 vampire bats (D:3)
  An orc priest (D:5)
  A hound (D:4)
  An orc wizard (D:5)
  10 adders
  6 gnolls
  3 dart slugs
  19 orcs
  5 ball pythons
  2 bats
  2 bat skeletons (D:3)
  2 bat zombies (D:3)
  4 endoplasms
  A giant cockroach (D:2)
  6 hobgoblins
  2 quokkas
  A frilled lizard (D:1)
  5 goblins
  3 kobolds
  5 rats
85 creatures vanquished.

Vanquished Creatures (others)
  An orc wizard (D:5)
  A hobgoblin zombie (D:4)
2 creatures vanquished.

Grand Total: 87 creatures vanquished

Notes
Turn   | Place    | Note
-------+----------+-------------------------------------------
     0 | D:1      | PidgeyThePirate the Troll Chaos Knight began the quest for
                  | the Orb.
     0 | D:1      | Reached XP level 1. HP: 22/22 MP: 0/0
   154 | D:1      | Reached XP level 2. HP: 27/29 MP: 1/1
   212 | D:1      | XOM: cloud trail
   397 | D:1      | Found Juiptir's Antique Weapon Boutique.
   723 | D:2      | Reached XP level 3. HP: 35/36 MP: 2/2
   731 | D:2      | Reached skill level 3 in Axes
   796 | D:2      | XOM: 4-stop teleportation journey
  1117 | D:2      | XOM: cloud trail
  1138 | D:2      | XOM: summons 2 hostile demons
  1437 | D:3      | XOM: 1-stop teleportation journey
  1471 | D:3      | Found a hazy altar of Hepliaklqana.
  1644 | D:3      | XOM: draining
  1831 | D:3      | XOM: 2-stop teleportation journey
  1911 | D:3      | XOM: god gift: staff of conjuration
  1923 | D:3      | Reached XP level 4. HP: 39/39 MP: 3/3
  1933 | D:3      | Found an ancient bone altar of Kikubaaqudgha.
  1946 | D:3      | XOM: summons 4 friendly demons
  1949 | D:3      | Reached XP level 5. HP: 50/53 MP: 4/4
  2156 | D:4      | Reached skill level 4 in Axes
  2349 | D:4      | XOM: god gift: 9 stones
  2388 | D:4      | Reached XP level 6. HP: 55/61 MP: 5/5
  2493 | D:4      | XOM: cloud trail
  2559 | D:4      | XOM: smoke on damage
  2564 | D:4      | Gained mutation: You occasionally shout uncontrollably at
                  | your foes. [potion of mutation]
  2564 | D:4      | Gained mutation: You are agile. (Dex +4, Str/Int -1)
                  | [potion of mutation]
  2593 | D:4      | XOM: god gift: potion of invisibility
  2850 | D:4      | XOM: give mutations
  2850 | D:4      | Gained mutation: Armour fits poorly on your strangely
                  | shaped body. [Xom's mischief]
  2850 | D:4      | Gained mutation: Potions are less effective at restoring
                  | your health. [Xom's mischief]
  2920 | D:5      | Entered Level 5 of the Dungeon
  2994 | D:5      | Noticed Edmund
  2996 | D:5      | Noticed Sigmund
  3004 | D:5      | Killed Sigmund
  3005 | D:5      | Reached skill level 1 in Shapeshifting
  3011 | D:5      | XOM: divination: detect creatures
  3016 | D:5      | XOM: scenery: summon butterflies
  3019 | D:5      | Killed Edmund
  3020 | D:5      | Reached skill level 1 in Stealth
  3020 | D:5      | Reached XP level 7. HP: 45/68 MP: 6/6
  3053 | D:5      | XOM: polymorph butterfly -> river rat
  3112 | D:5      | XOM: 5-stop teleportation journey
  3168 | D:5      | XOM: scenery: create altars
  3263 | D:5      | Reached skill level 5 in Axes
  3360 | D:5      | Slain by an orc priest

Illustrated notes

Levels and vault maps discovered:
D:1:      wander_arrival_estate, layout_loops_cross, serial_shops, shop,
          minmay_cupped
D:2:      layout_basic
D:3:      layout_loops_ring, marbit_many_paths, kennysheep_vampire_church,
          kennysheep_minor_cross
D:4:      layout_gridville
D:5:      minmay_chambers_of_fours, layout_basic, good_gods_temple_1,
          mainiacjoe_overflow_tiny_flanked, sigmund_edmund_badplayer

Skill      XL: |  1  2  3  4  5  6  7 |
---------------+----------------------+-----
Dodging        | 2 3 |  3.5
Fighting       | 3 |  3.8
Axes           | 3 4 5 |  5.0
Shapeshifting  | 1 2 |  2.3
Stealth        | 1 |  1.3
Throwing       | |  0.1

Action                     |  1- 3 |  4- 6 |  7- 9 || total
---------------------------+-------+-------+-------++-------
  Melee: Hand axe          |   103 |   132 |    54 ||   289
         Punch             |     1 |     3 |     1 ||     5
  Throw: Throwing net      |       |     2 |       ||     2
    Use: Potion            |       |     6 |     2 ||     8
   Stab: Confused          |       |     2 |       ||     2
         Invisible         |       |     1 |       ||     1
         Petrifying        |       |     1 |       ||     1
         Petrified         |       |     1 |       ||     1
         Sleeping          |       |     1 |       ||     1
         Paralysed         |       |       |     1 ||     1
 Armour: Robe              |    66 |   115 |    63 ||   244
  Dodge: Dodged            |    68 |   107 |    24 ||   199
   Form: Beast             |       |     1 |       ||     1

Table legend: (Time is in decaauts)
 A = Elapsed time spent in this place.
 B = Non-inter-level travel time spent in this place.
 C = Inter-level travel time spent in this place.
 D = Time resting spent in this place.
 E = Time spent auto-exploring this place.
 F = Levels seen in this place.
 G = Mean time per level.
                   A        B        C        D        E       F      G
               +--------+--------+--------+--------+--------+-----+--------+
         Total |   3377 |   3274 |    103 |      0 |   2447 |   5 |  675.4 |
       Dungeon |   3377 |   3274 |    103 |      0 |   2447 |   5 |  675.4 |
               +--------+--------+--------+--------+--------+-----+--------+

Top non-repeatable levels by time:
     D:4: 881 daAuts
     D:3: 771 daAuts
     D:2: 674 daAuts
     D:1: 604 daAuts
     D:5: 445 daAuts
